I've been looking for a proper sentry stalker opener for PvP since the new patch (5.0.14), finally got one I could properly analyze.
Please let me know if the build is written properly and if my analysis is proper.
The build should be cut probes at 24 (including the gate scout probe, full sat main, one scouting, one downstairs), sentry-warpgate-nexus, then pylon-sentry-probe-stalker-stalker, then twilight(i think any tech here works)
keep building probes, 2(or 3) sentrys of hallucinations for constant scouting, battery at natural is fine, first warp-in of stalkers in main vs oracle, fourth pylon at 3rd and 3rd nexus if able
14 | 0:18 | | |
16 | 0:38 | | gate scout |
17 | 0:46 | | |
18 | 0:56 | | |
19 | 1:10 | | rally into gas, 16&2&2 gas split, into 3&3 gas |
21 | 1:21 | | |
22 | 1:37 | | |
24 | 2:03 | | cut probes (should be at full saturation), and one extra probe downstairs ready to build natural (battery full wall to block enemy probe in base, prevents blocking your base) |
26 | 2:26 | | cancel battery if built to block |
26 | 2:30 | | |
28 | 2:35 | | resume probing after pylon |
29 | 2:39 | | |
31 | 2:52 | | |
33 | 3:00 | | optional for saftey |
35 | 3:20 | | I think any tech here is fine |
40 | 3:50 | | 1st warp-in when warp gate finishes |
46 | 4:00 | | |
46 | 4:14 | | 2nd warp-in |
50 | 4:30 | | ready for 3rd |
On Dec. 30, 2024, 4:11 p.m., 3ff3dr4 said:
Good work! Two time stamps are missing.. Because of this it cannot be used (It gives a error)
Cheers!